 Dungeon Crawl Stone Soup version 0.32-a0-656-g3542139ebd (webtiles) character file.

Game seed: 17136872216568975798

1568 cforsyth the Purveyor of Pain (level 8, -6/66 (74) HPs)
             Began as a Mountain Dwarf Necromancer on Mar 8, 2024.
             Was an Initiate of Kikubaaqudgha.
             Mangled by a wight
             ... wielding a +5 battleaxe of freezing
              (11 damage)
             ... on level 7 of the Dungeon.
             The game lasted 00:11:02 (6189 turns).

cforsyth the Purveyor of Pain (MDNe)                Turns: 6189, Time: 00:11:02

HP:   -6/66 (74)    AC: 11    Str: 14    XL:     8   Next: 59%
MP:   19/19         EV:  3    Int: 15    God:    Kikubaaqudgha [......]
Gold: 243           SH:  0    Dex: 10    Spells: 9/10 levels left

rFire   + . .        D - +0 broad axe
rCold   + . .        (no shield)
rNeg    . . .        u - +1 plate armour
rPois   .            (no helmet)
rElec   .            e - scarf {rC+ rF+}
rCorr   .            (no gloves)
SInv    .            (no boots)
Will    .....        g - amulet of regeneration Stlth
                     M - ring of magical power
HPRegen 1.11/turn    (no ring)
MPRegen 0.16/turn

%: no passive effects
@: heavily drained
A: runic magic, artefact enchanting
a: Renounce Religion


You were on level 7 of the Dungeon.
You worshipped Kikubaaqudgha.
Kikubaaqudgha was noncommittal.
You visited 2 branches of the dungeon, and saw 8 of its levels.

You collected 303 gold pieces.
You spent 60 gold pieces at shops.


Innate Abilities, Weirdness & Mutations

Your spellcasting is much less encumbered by armour.
You can use scrolls of enchantment on lesser artefacts.


   Skills:
 + Level 8.3 Fighting
 - Level 1.3 Dodging
 - Level 1.4 Stealth
 - Level 1.7 Spellcasting
 + Level 9.5 Necromancy


You had 9 spell levels left.
You knew the following spells:

 Your Spells              Type           Power      Damage    Failure   Level
X - Necrotise             Necr           100%       1d9       1%          1

Your spell library contained the following spells:

 Spells                   Type           Power      Damage    Failure   Level
 Vampiric Draining        Necr           30%        2d8       4%          3
 Animate Dead             Necr           30%        N/A       16%         4
 Curse of Agony           Necr           30%        N/A       38%         5
 Freeze                   Ice            4%         1d3       61%         1
 Frozen Ramparts          Ice            2%         1d1       93%         3
 Hailstorm                Conj/Ice       1%         3d5       93%         3
 Inner Flame              Hex/Fire       1%         N/A       93%         3
 Animate Armour           Summ/Erth      2%         N/A       100%        4
 Summon Lightning Spire   Summ/Air       1%         N/A       100%        4
 Irradiate                Conj/Alch      0%         3d11      100%        5
 Lee's Rapid Deconstruct  Erth           0%         3d4*      100%        5
 Ignition                 Fire           0%         3d3       100%        8

Inventory:

Hand Weapons
 k - a +1 whip of pain
 D - a +0 broad axe (weapon)
Armour
 a - a +0 robe
 e - a scarf of resistance (worn)
 s - a +0 scale mail
 u - a +1 plate armour (worn)
Magical Staves
 f - a staff of alchemy {!a}
Jewellery
 g - an amulet of regeneration (around neck)
 r - the ring of Terra Nullius {Fly Dex+6}
   (You found it on level 3 of the Dungeon)

   [ring of flight]

   Dex+6:     It affects your dexterity (+6).
   Fly:       It grants you flight.
 w - an amulet of the acrobat
 M - a ring of magical power (left hand)
 S - a +6 ring of strength
Wands
 v - a wand of charming (2)
 y - a wand of polymorph (13)
Scrolls
 h - a scroll of revelation
 t - a scroll of silence {!r}
Potions
 b - 4 potions of magic
 c - a potion of attraction
 m - a potion of brilliance
 o - a potion of haste {unknown}
 q - a potion of invisibility
 x - 2 potions of lignification
 z - 2 potions of heal wounds {@q2}
 A - 2 potions of curing {@q1}
 C - 2 potions of resistance

Dungeon Overview and Level Annotations

Branches:
Dungeon (7/15)             Temple (1/1) D:6

Altars:
Ashenzari
Cheibriados
Elyvilon
Fedhas
Gozag
Hepliaklqana
Kikubaaqudgha
Makhleb
Nemelex Xobeh
Qazlal
Ru
Sif Muna
Trog
Uskayaw
Vehumet
Xom
Yredelemnul
Zin
The Shining One

Shops:
D:5 *   D:6 (

Annotations:
D:5 2 transporters

,,,#.###### ,,,#......#
,.ß#......# **********
..........### *,,,,,,,,*
............######
*,*****,**
.ß.....>..z......# *,* *,*
...............#.# *,* *,*
...##..........#z# *,* *,*
..##......#....#@# *,* *,*
..*#......#.#..#.# *,*****,*
,,*#......#......# *,*,,,,,*
,,,...<..#####.#####.*,*****
,,,..................#,*
**,,.....####.########,*
**,,.......*#.# *,*
,,,,.......##.# ****,*
,,,,..........# *,,,,*


You could see a wight.


Message History

The wight barely misses you.
You barely miss the wight.
The wight is lightly damaged.
The wight hits you with a +5 battleaxe of freezing!
You feel drained. The wight freezes you.
The wight hits you with a +5 battleaxe of freezing!
You feel drained. The wight freezes you.
You hit the wight.
The wight is moderately damaged.
The wight hits you with a +5 battleaxe of freezing.
The wight freezes you.
The wight hits you with a +5 battleaxe of freezing!
* * * LOW HITPOINT WARNING * * *
You feel drained.
* * * LOW HITPOINT WARNING * * *
You slash the wight!
The wight is almost destroyed.
The wight hits you with a +5 battleaxe of freezing!!
* * * LOW HITPOINT WARNING * * *
The wight freezes you.
* * * LOW HITPOINT WARNING * * *
You hit the wight but do no damage.
The wight is almost destroyed.
The wight hits you but does no damage. x2
Unknown command.
You hit the wight but do no damage.
The wight is almost destroyed.
The wight hits you with a +5 battleaxe of freezing!
You die...
Kikubaaqudgha rasps: You have failed me!
Welcome... death!

Skill      XL: |  1  2  3  4  5  6  7  8 |
---------------+-------------------------+-----
Fighting       | 1 2 3 4 5 7 8 |  8.3
Necromancy     | 5 6 7 8 9 |  9.5
Dodging        | |  1.3
Stealth        | |  1.4
Spellcasting   | |  1.7

Action                     |  1- 3 |  4- 6 |  7- 9 || total
---------------------------+-------+-------+-------++-------
  Melee: Whip              |       |     8 |    86 ||    94
         Broad axe         |       |       |    21 ||    21
   Cast: Necrotise         |    80 |    96 |   102 ||   278
  Evoke: Wand              |       |       |     4 ||     4
    Use: Scroll            |       |       |    16 ||    16
 Armour: Robe              |    14 |     5 |       ||    19
         Scale mail        |       |    21 |       ||    21
         Plate armour      |       |    19 |   333 ||   352
  Dodge: Dodged            |    17 |    24 |    44 ||    85

Levels and vault maps discovered:
D:1:      minmay_arrival_semitransparent, layout_rooms
D:2:      layout_rooms
D:3:      minmay_recursive_quarters, layout_loops_ring, basic_ecumenical_altar
D:4:      layout_basic, kiku_gazebo_garden_becter, uniq_grinder
D:5:      layout_loops_ring, gammafunk_temple_overflow_claw, kennysheep_mini,
          gammafunk_ghost_gnarly_gnolls, nicolae_shop_sticking_my_neck_out,
          uniq_prince_ribbit1
D:6:      layout_gridville, minmay_temple_entry_large_hall, serial_shops, shop
D:7:      layout_basic, enter_bailey_6, uniq_menkaure
Temple:   nicolae_temple_bog_church

Notes
Turn   | Place    | Note
-------+----------+-------------------------------------------
     0 | D:1      | cforsyth the Mountain Dwarf Necromancer began the quest for
                  | the Orb.
     0 | D:1      | Reached XP level 1. HP: 14/14 MP: 3/3
   168 | D:1      | Reached skill level 1 in Fighting
   308 | D:1      | Identified a scarf of resistance
   346 | D:1      | Reached XP level 2. HP: 23/23 MP: 4/4
   470 | D:1      | You fall into a shaft and drop 1 floor!
   639 | D:2      | Reached skill level 2 in Fighting
   639 | D:2      | Reached skill level 5 in Necromancy
   639 | D:2      | Reached XP level 3. HP: 27/29 MP: 5/5
  1278 | D:3      | Reached XP level 4. HP: 33/37 MP: 4/6
  1377 | D:3      | Found a faded altar of an unknown god.
  1614 | D:3      | Reached skill level 3 in Fighting
  1844 | D:3      | Reached XP level 5. HP: 45/45 MP: 7/7
  2057 | D:3      | Identified the ring of Terra Nullius {Fly Dex+6}
  2596 | D:4      | Noticed an ogre
  2612 | D:3      | Reached skill level 6 in Necromancy
  2778 | D:4      | Reached skill level 4 in Fighting
  3151 | D:4      | Reached XP level 6. HP: 52/53 MP: 8/8
  3198 | D:4      | Noticed a steam dragon
  3208 | D:4      | Killed a steam dragon
  3209 | D:4      | Reached skill level 5 in Fighting
  3215 | D:4      | Noticed Grinder
  3228 | D:4      | Killed Grinder
  3229 | D:4      | Reached skill level 7 in Necromancy
  3229 | D:4      | Reached XP level 7. HP: 43/62 MP: 9/9
  3401 | D:4      | Found an ancient bone altar of Kikubaaqudgha.
  3411 | D:4      | Reached skill level 6 in Fighting
  3575 | D:5      | Entered Level 5 of the Dungeon
  3736 | D:5      | Found a glowing golden altar of the Shining One.
  3864 | D:5      | Found a transporter.
  3873 | D:5      | Identified the +9 spear "Ager" {venom, ^Drain rC+++ Str+3
                  | Int+3}
  3873 | D:5      | Identified the -1 kite shield of Autumn {-Tele rC+++ rN++
                  | Dex-2}
  3971 | D:5      | Found a transporter.
  3979 | D:5      | Reached skill level 8 in Necromancy
  4034 | D:5      | Found Tyirph's Neck Hole.
  4086 | D:5      | Noticed Prince Ribbit
  4107 | D:5      | Killed Prince Ribbit
  4108 | D:5      | Reached skill level 7 in Fighting
  4108 | D:5      | Reached XP level 8. HP: 45/73 MP: 8/10
  4412 | D:5      | Found a sparkling altar of Nemelex Xobeh.
  4412 | D:5      | Found a basalt altar of Yredelemnul.
  4413 | D:5      | Found a snail-covered altar of Cheibriados.
  4662 | D:6      | Found a staircase to the Ecumenical Temple.
  4676 | Temple   | Entered the Ecumenical Temple
  4687 | Temple   | Reached skill level 9 in Necromancy
  5247 | D:6      | Reached skill level 8 in Fighting
  5445 | D:6      | Found Cebenke's Weapon Shop.
  5847 | D:6      | Bought a +0 broad axe for 60 gold pieces
  5851 | D:6      | Identified 2 potions of resistance
  6032 | D:4      | Became a worshipper of Kikubaaqudgha
  6187 | D:7      | HP: 6/66 [wight/+5 battleaxe of freezing (20)]
  6187 | D:7      | HP: 2/66 [wight/+5 battleaxe of freezing (4)]
  6189 | D:7      | Mangled by a wight

Vanquished Creatures
  Prince Ribbit (D:5)
  A steam dragon (D:4)
  An ice beast (D:6)
  An ogre (D:4)
  A phantom (D:6)
  A bullfrog (D:6)
  A wight (D:7)
  A howler monkey (D:3)
  A bombardier beetle (D:4)
  A jelly (D:5)
  A hound (D:4)
  3 orc priests
  A sleepcap (D:5)
  3 orc wizards
  4 iguanas
  11 adders
  3 gnolls (D:6)
  3 ufetubi
  A dart slug (D:5)
  2 ribbon worms
  10 orcs
  4 endoplasms
  6 giant cockroaches
  3 goblins
  8 hobgoblins
  5 quokkas
  3 ball pythons
  4 bats
  3 frilled lizards
  10 kobolds
  4 rats
102 creatures vanquished.

Vanquished Creatures (collateral kills)
  Grinder (D:4)
  An adder (D:3)
  An ufetubus (Temple)
  An orc (D:3)
  A ball python (D:1)
5 creatures vanquished.

Vanquished Creatures (others)
  An orc (D:6)
1 creature vanquished.

Grand Total: 108 creatures vanquished

Table legend: (Time is in decaauts)
 A = Elapsed time spent in this place.
 B = Non-inter-level travel time spent in this place.
 C = Inter-level travel time spent in this place.
 D = Time resting spent in this place.
 E = Time spent auto-exploring this place.
 F = Levels seen in this place.
 G = Mean time per level.
                   A        B        C        D        E       F      G
               +--------+--------+--------+--------+--------+-----+--------+
         Total |   6212 |   5817 |    395 |    226 |   4565 |   8 |  776.5 |
       Dungeon |   6157 |   5763 |    394 |    226 |   4565 |   7 |  879.6 |
        Temple |     54 |     53 |      1 |      0 |      0 |   1 |   54.0 |
               +--------+--------+--------+--------+--------+-----+--------+

Top non-repeatable levels by time:
     D:6: 1533 daAuts
     D:3: 1358 daAuts
     D:4: 989 daAuts
     D:5: 935 daAuts
     D:2: 795 daAuts
     D:1: 469 daAuts
     D:7: 76 daAuts
  Temple: 54 daAuts

Table legend:
 A = Non-vault XP
 B = Vault XP
 C = Vault XP percentage of total XP
 D = Non-vault monster count
 E = Vault monster count
 F = Vault count percentage of total count
                 A         B        C        D         E       F
            +---------+---------+-------+---------+---------+-------
      Total |    1611 |     630 |  28.1 |      94 |      13 |  12.1
            +---------+---------+-------+---------+---------+-------
        D:1 |      16 |       0 |   0.0 |      11 |       0 |   0.0
        D:2 |      72 |       0 |   0.0 |      21 |       0 |   0.0
        D:3 |     110 |      67 |  37.9 |      16 |      11 |  40.7
        D:4 |     437 |     286 |  39.6 |      12 |       1 |   7.7
        D:5 |     309 |     277 |  47.3 |      14 |       1 |   6.7
        D:6 |     577 |       0 |   0.0 |      17 |       0 |   0.0
        D:7 |      74 |       0 |   0.0 |       1 |       0 |   0.0
     Temple |      16 |       0 |   0.0 |       2 |       0 |   0.0
            +---------+---------+-------+---------+---------+-------
